 Dungeon Crawl Stone Soup version 0.30-a0-241-g1121274140 (webtiles) character file.

Game seed: 246126072161533068

3091 qw the Blocker (level 9, -6/55 HPs)
             Began as a Gargoyle Fighter on Oct 10, 2022.
             Was a Priest of Okawaru.
             Mangled by a death yak (9 damage)
             ... on level 8 of the Dungeon.
             The game lasted 00:02:17 (6568 turns).

qw the Blocker (Gargoyle Fighter)                   Turns: 6568, Time: 00:02:17

Health: -6/55      AC: 24    Str: 23    XL:     9   Next: 89%
Magic:  10/12      EV:  7    Int: 10    God:    Okawaru [***...]
Gold:   238        SH: 11    Dex:  9    Spells: 8/8 levels left

rFire   . . .      SeeInvis .    Y - +1 broad axe
rCold   . . .      Faith    .    q - +0 kite shield
rNeg    + + .      Spirit   .    e - +0 plate armour
rPois   inf        Reflect  .    h - +0 helmet
rElec   +          Harm     .    (no cloak)
rCorr   .          Rampage  .    n - +1 pair of gloves
Will    .....                    (no boots)
Stlth   ..........               i - amulet of regeneration
HPRegen 1.09/turn                b - +4 ring of slaying {mikee}
MPRegen 0.13/turn                j - ring of positive energy

@: heroic
A: sickness immunity, AC +6, negative energy resistance 1, electricity
resistance, torment resistance 1, petrification resistance
a: Renounce Religion, Heroism


You were on level 8 of the Dungeon.
You worshipped Okawaru.
Okawaru was most pleased with you.
You visited 2 branches of the dungeon, and saw 9 of its levels.

You collected 456 gold pieces.
You spent 218 gold pieces at shops.


Innate Abilities, Weirdness & Mutations

You are immune to sickness and miasma.
Your stone body is resilient. (AC +6)
You are immune to poison.
You resist negative energy. (rN+)
You are resistant to electric shocks. (rElec)
You are resistant to unholy torment.
You are immune to petrification.


   Skills:
 - Level 6.0(11.0) Fighting
 + Level 8.2(13.2) Axes
 - Level 1.0(6.0) Throwing
 - Level 5.1(10.1) Armour
 - Level 1.4(6.4) Dodging
 - Level 8.2(13.2) Shields
 - Level 4.2 Invocations


You had 8 spell levels left.
You didn't know any spells.
Your spell library was empty.

Inventory:

Hand Weapons
 l - a +0 flail
 Y - a +1 broad axe (weapon)
Missiles
 r - a boomerang (quivered)
Armour
 e - a +0 plate armour (worn)
 h - a +0 helmet (worn)
 n - a +1 pair of gloves (worn)
 q - a +0 kite shield (worn)
Jewellery
 b - a +4 ring of slaying (left hand) {mikee}
 i - an amulet of regeneration (around neck)
 j - a ring of positive energy (right hand)
Scrolls
 a - 6 scrolls of identify
 p - 2 scrolls of teleportation
Potions
 c - a potion of mutation
 d - 3 potions of might
 f - a potion of lignification
 g - a potion of haste
 m - 2 potions of heal wounds
 o - a potion of cancellation

Dungeon Overview and Level Annotations

Branches:
Dungeon (8/15)             Temple (1/1) D:5
   Lair: D:8-11

Altars:
Ashenzari
Cheibriados
Dithmenos
Elyvilon
Gozag
Hepliaklqana
Kikubaaqudgha
Makhleb
Nemelex Xobeh
Okawaru
Qazlal
Ru
Sif Muna
Trog
Uskayaw
Vehumet
Xom
Yredelemnul
Zin
The Shining One

Shops:
D:4 [[*


Message History

A death yak comes into view.
6563 ||| INVOKING Heroism.
You gain the combat prowess of a mighty hero.
The gnoll shouts!
You hear a shout!
The killer bee stings you but does no damage.
You block the killer bee's attack.
A death yak comes into view.
You block the death yak's attack.
A death yak comes into view.
The death yak bellows!
You slash the killer bee!
You kill the killer bee!
Okawaru accepts your kill.
You slash the death yak!
The death yak snorts and paws the ground.
A gnoll comes into view. It is wielding a +0 spear.
The death yak closely misses you.
The gnoll shouts!
You hit the death yak but do no damage.
The death yak is lightly wounded.
You are no longer corroded.
The death yak gores you but does no damage.
You slash the death yak!
The death yak is moderately wounded.
The death yak gores you but does no damage.
The death yak snorts and paws the ground.
A death yak comes into view.
The death yak bellows!
You slice the death yak!!
The death yak is heavily wounded.
You barely miss the death yak. You block the death yak's attack.
A gnoll comes into view. It is wielding a +0 club.
The death yak closely misses you.
The gnoll shouts!
You hit the death yak.
The death yak is heavily wounded.
You slash the death yak! You hit the gnoll but do no damage.
The death yak gores you!! The gnoll closely misses you.
The death yak gores you!
You die...

..## .###.#
...
....Y#####
.g##.#.......
##...........
#......g.....
#.!..YYY..#
#...gYY...#
#....@))..#
#.$.......#
#.........#
#...<.....#
#.........#
###########


You could see 6 death yaks and 3 gnolls.

Vanquished Creatures
  Maggie (D:7)
  Sigmund (D:3)
  A wyvern (D:7)
  A water moccasin (D:7)
  An acid dragon (D:8)
  2 orc warriors (D:7)
  An ice beast (D:7)
  A black bear (D:6)
  A sky beast (D:7)
  4 bullfrogs
  A scorpion (D:5)
  A necrophage (D:7)
  5 wights (D:6)
  10 killer bees
  2 hounds (D:6)
  A gnoll bouda (D:6)
  2 orc priests
  2 jellies
  5 orc wizards
  2 iguanas
  Natasha (twice) (D:3)
  8 adders
  10 gnolls
  A river rat (D:3)
  3 shadow imps (D:7)
  2 white imps
  2 ufetubi
  A worm (D:2)
  3 dart slugs
  18 orcs
  7 ball pythons
  6 endoplasms
  5 giant cockroaches
  5 goblins
  6 hobgoblins
  3 jackals (D:5)
  7 kobolds
  7 quokkas
  12 bats
  3 frilled lizards
156 creatures vanquished.

Notes
Turn   | Place    | Note
-------+----------+-------------------------------------------
     0 | D:1      | qw the Gargoyle Fighter began the quest for the Orb.
     0 | D:1      | Reached XP level 1. HP: 14/14 MP: 1/1
     0 | D:1      | 0 ||| qw: Version: 0.2-a-17-g06abaee
     0 | D:1      | 0 ||| qw: Game counter: 2381
     0 | D:1      | 0 ||| qw: Always use a shield: true
     0 | D:1      | 0 ||| qw: God list: Okawaru
     0 | D:1      | 0 ||| qw: Allow faded altars: false
     0 | D:1      | 0 ||| qw: Do Orc after D:15 true
     0 | D:1      | 0 ||| qw: Do second Lair branch before Depths: true
     0 | D:1      | 0 ||| qw: Lair rune preference: random
     0 | D:1      | 0 ||| qw: Plans: Normal, Zot:1-4, God:TSO, Crypt, Tomb,
                  | Pan, Slime:5, Hells, Abyss, Orb
     0 | D:1      | 0 ||| PLANNING D:1-11
   138 | D:1      | 138 ||| UPGRADING to +0 plate armour.
   151 | D:1      | 151 ||| DROPPING +0 scale mail.
   191 | D:1      | Reached XP level 2. HP: 12/19 MP: 2/2
   836 | D:1      | 836 ||| READING 4 scrolls labelled USOTEC WAMU.
   837 | D:1      | 837 ||| READING 3 scrolls labelled ZISOTS UNUU.
   838 | D:1      | 838 ||| READING scroll labelled OPTYSI JOSESAN.
   839 | D:1      | 839 ||| READING scroll labelled ASIGGOFOO.
   840 | D:1      | 840 ||| READING 3 scrolls of identify.
   840 | D:1      | 840 ||| IDENTIFYING glowing puce potion
   841 | D:1      | 841 ||| READING 2 scrolls of identify.
   841 | D:1      | 841 ||| IDENTIFYING coppery potion
   842 | D:1      | 842 ||| DROPPING potion of ambrosia.
   843 | D:1      | 843 ||| DROPPING 2 scrolls of blinking.
   914 | D:2      | 914 ||| Stepping ~*~*~tactically~*~*~ (stealth).
   917 | D:2      | 917 ||| Stepping ~*~*~tactically~*~*~ (stealth).
   921 | D:2      | Reached skill level 3 in Axes
   936 | D:2      | 936 ||| Stepping ~*~*~tactically~*~*~ (stealth).
   941 | D:2      | Reached XP level 3. HP: 23/23 MP: 3/3
   971 | D:2      | 971 ||| Stepping ~*~*~tactically~*~*~ (stealth).
  1214 | D:2      | 1214 ||| SWAPPING to +0 broad axe.
  1215 | D:2      | 1215 ||| DROPPING +0 war axe.
  1719 | D:2      | 1719 ||| UPGRADING to +0 pair of gloves.
  1724 | D:2      | 1724 ||| UPGRADING to amulet of regeneration.
  1729 | D:2      | 1729 ||| READING scroll labelled FEHIJEE SAYNT.
  1730 | D:2      | 1730 ||| READING scroll labelled DOMIBR QEINIBE.
  1734 | D:2      | 1734 ||| READING scroll labelled WOUGINKAIS.
  1738 | D:2      | 1738 ||| READING scroll labelled CABAIS DIOC.
  1739 | D:2      | 1739 ||| DRINKING 2 golden potions.
  1740 | D:2      | 1740 ||| READING 4 scrolls of identify.
  1740 | D:2      | 1740 ||| IDENTIFYING smoky inky potion
  1741 | D:2      | 1741 ||| DROPPING potion of magic.
  1769 | D:3      | 1769 ||| PLANNING SEWER
  1808 | D:3      | Reached XP level 4. HP: 28/28 MP: 4/4
  1908 | D:3      | Noticed Sigmund
  1909 | D:3      | 1909 ||| Stepping ~*~*~tactically~*~*~ (hiding).
  1916 | D:3      | 1916 ||| DRINKING 2 potions of curing.
  1916 | D:3      | 1916 ||| (to cure confusion)
  1920 | D:3      | Killed Sigmund
  1921 | D:3      | Reached XP level 5. HP: 28/32 MP: 5/5
  1955 | D:3      | Found a radiant altar of Vehumet.
  1991 | D:3      | Reached XP level 6. HP: 31/37 MP: 6/6
  2023 | D:3      | 2023 ||| DROPPING +0 club.
  2071 | D:3      | Found a glowing silver altar of Zin.
  2078 | D:3      | Found a glowing golden altar of the Shining One.
  2078 | D:3      | Found a broken altar of Ashenzari.
  2080 | D:3      | Found a shimmering altar of Xom.
  2080 | D:3      | Found a shimmering altar of Xom.
  2080 | D:3      | Found a burning altar of Makhleb.
  2158 | D:3      | 2158 ||| Stepping ~*~*~tactically~*~*~ (hiding).
  2159 | D:3      | 2159 ||| Stepping ~*~*~tactically~*~*~ (hiding).
  2282 | D:3      | 2282 ||| Stepping ~*~*~tactically~*~*~ (stealth).
  2320 | D:3      | 2320 ||| DRINKING potion of curing.
  2320 | D:3      | 2320 ||| (to cure confusion)
  2384 | D:3      | 2384 ||| RIP SEWER
  2388 | D:3      | 2388 ||| PLANNING D:1-11
  2452 | D:3      | Noticed Natasha
  2457 | D:3      | Killed Natasha
  2696 | D:3      | Reached skill level 6 in Axes
  2707 | D:3      | Noticed Natasha
  2709 | D:3      | 2709 ||| Stepping ~*~*~tactically~*~*~ (hiding).
  2716 | D:3      | Killed Natasha
  2991 | D:3      | 2991 ||| READING scroll labelled KEBBE XOPNA.
  3092 | D:3      | 3092 ||| READING scroll labelled TOCYEH XAUTU.
  3093 | D:3      | 3093 ||| READING 4 scrolls of identify.
  3093 | D:3      | 3093 ||| IDENTIFYING fuming inky potion
  3094 | D:3      | 3094 ||| READING 3 scrolls of identify.
  3094 | D:3      | 3094 ||| IDENTIFYING glowing inky potion
  3095 | D:3      | 3095 ||| READING 2 scrolls of identify.
  3095 | D:3      | 3095 ||| IDENTIFYING white potion
  3096 | D:3      | 3096 ||| DROPPING potion of degeneration.
  3180 | D:4      | Found Tunwuyne's Assorted Antiques.
  3189 | D:4      | 3189 ||| BUYING 2 scrolls of identify (92 gold).
  3189 | D:4      | Bought 2 scrolls of identify for 92 gold pieces
  3189 | D:4      | 3189 ||| SHOPLISTING potion of haste (230 gold, have 19).
  3189 | D:4      | 3189 ||| SHOPLISTING potion of heal wounds (115 gold, have
                  | 19).
  3189 | D:4      | 3189 ||| SHOPLISTING potion of might (92 gold, have 19).
  3189 | D:4      | 3189 ||| SHOPLISTING scroll labelled BYLIFU AMOTO (23 gold,
                  | have 19).
  3189 | D:4      | 3189 ||| SHOPLISTING scroll labelled EHEXZI DUTOE (23 gold,
                  | have 19).
  3274 | D:4      | Found a burning altar of Makhleb.
  3342 | D:4      | 3342 ||| Stepping ~*~*~tactically~*~*~ (stealth).
  3395 | D:4      | Found Canulis's Armour Shop.
  3395 | D:4      | Identified the +9 short sword "Ijaqiuwk" {spect, rPois}
  3638 | D:4      | Found Afi Eff's Antique Armour Emporium.
  3646 | D:4      | 3646 ||| BUYING helmet (126 gold).
  3646 | D:4      | Bought a helmet for 126 gold pieces
  3646 | D:4      | 3646 ||| SHOPLISTING pair of runed boots (210 gold, have
                  | 27).
  3646 | D:4      | 3646 ||| SHOPLISTING shiny kite shield (210 gold, have 27).
  3684 | D:4      | 3684 ||| UPGRADING to +0 helmet.
  3689 | D:4      | 3689 ||| UPGRADING to +4 ring of slaying {mikee}.
  3690 | D:4      | 3690 ||| READING 3 scrolls of identify.
  3690 | D:4      | 3690 ||| IDENTIFYING amethyst potion
  3707 | D:5      | Entered Level 5 of the Dungeon
  3754 | D:5      | Found a staircase to the Ecumenical Temple.
  3755 | D:5      | 3755 ||| PLANNING TEMPLE
  3755 | D:5      | 3755 ||| UPGRADING to ring of positive energy.
  3760 | Temple   | Entered the Ecumenical Temple
  3762 | Temple   | 3762 ||| PLANNING OKAWARU WORSHIP
  3780 | Temple   | Became a worshipper of Warmaster Okawaru
  3781 | Temple   | 3781 ||| PLANNING D:1-11
  3814 | D:5      | Found a white marble altar of Elyvilon.
  3870 | D:5      | Reached XP level 7. HP: 43/43 MP: 7/7
  3949 | D:5      | 3949 ||| Stepping ~*~*~tactically~*~*~ (hiding).
  3953 | D:5      | 3953 ||| Stepping ~*~*~tactically~*~*~ (stealth).
  4141 | D:5      | Found a glowing silver altar of Zin.
  4307 | D:5      | 4307 ||| UPGRADING to +0 kite shield.
  4317 | D:5      | 4317 ||| DROPPING +0 buckler.
  4484 | D:6      | 4484 ||| Stepping ~*~*~tactically~*~*~ (stealth).
  4488 | D:6      | 4488 ||| Stepping ~*~*~tactically~*~*~ (stealth).
  4526 | D:6      | Reached * piety under Okawaru
  4531 | D:6      | 4531 ||| READING scroll of enchant armour.
  4531 | D:6      | 4531 ||| ENCHANTING +0 pair of gloves.
  4557 | D:6      | Reached XP level 8. HP: 48/48 MP: 8/8
  4653 | D:6      | 4653 ||| Stepping ~*~*~tactically~*~*~ (stealth).
  4655 | D:6      | 4655 ||| INVOKING Heroism.
  4659 | D:6      | Reached skill level 1 in Invocations
  4678 | D:6      | Reached skill level 6 in Shields
  4678 | D:6      | Reached skill level 3 in Invocations
  5512 | D:6      | 5512 ||| READING scroll labelled KETO WIDAZ.
  5615 | D:7      | Noticed a wyvern
  5620 | D:7      | Killed a wyvern
  5620 | D:7      | Reached ** piety under Okawaru
  5652 | D:7      | Noticed Maggie
  5653 | D:7      | 5653 ||| Stepping ~*~*~tactically~*~*~ (hiding).
  5654 | D:7      | 5654 ||| Stepping ~*~*~tactically~*~*~ (hiding).
  5662 | D:7      | 5662 ||| INVOKING Heroism.
  5669 | D:7      | Killed Maggie
  5670 | D:7      | Reached XP level 9. HP: 41/55 MP: 10/12
  5703 | D:7      | 5703 ||| Stepping ~*~*~tactically~*~*~ (stealth).
  5736 | D:7      | Reached skill level 1 in Dodging
  5794 | D:7      | 5794 ||| INVOKING Heroism.
  5815 | D:7      | 5815 ||| INVOKING Heroism.
  5941 | D:7      | 5941 ||| INVOKING Heroism.
  5972 | D:7      | 5972 ||| DRINKING potion of curing.
  5972 | D:7      | 5972 ||| (to cure confusion)
  6066 | D:7      | 6066 ||| Stepping ~*~*~tactically~*~*~ (hiding).
  6286 | D:7      | Reached *** piety under Okawaru
  6303 | D:7      | 6303 ||| INVOKING Heroism.
  6322 | D:7      | Reached skill level 6 in Fighting
  6351 | D:7      | Reached skill level 1 in Throwing
  6515 | D:7      | 6515 ||| READING scroll labelled BYLIFU AMOTO.
  6516 | D:7      | 6516 ||| READING 7 scrolls of identify.
  6516 | D:7      | 6516 ||| IDENTIFYING fizzy cyan potion
  6547 | D:8      | 6547 ||| INVOKING Heroism.
  6554 | D:8      | Noticed a death yak
  6561 | D:8      | Noticed a death yak
  6562 | D:8      | Noticed a death yak
  6563 | D:8      | 6563 ||| INVOKING Heroism.
  6563 | D:8      | Noticed a death yak
  6563 | D:8      | Noticed a death yak
  6566 | D:8      | Noticed a death yak
  6568 | D:8      | HP: 3/55 [death yak (19)]
  6568 | D:8      | Mangled by a death yak

Levels and vault maps discovered:
D:1:      dpeg_arrival_windows_large_door, layout_basic, serial_corexii_hall,
          corexii_hall_statues_i, chequers_hall_statues_corner_a,
          chequers_hall_statues_wall_a, corexii_hall_statues_x,
          minmay_tetromino_l2
D:2:      layout_basic, st_stairs_7
D:3:      cheibrodos_helix_gallery, layout_loops_ring, doesnt_xom_only_xom,
          nicolae_vehumet_altar_sigil, gup_sewer_entry_bowl, st_stairs_9,
          dk_vineyard_2, kennysheep_generic_room_15, uniq_sigmund, uniq_natasha
D:4:      layout_cave_pools, amcnicky_altar_gilded, serial_shops, shop,
          nicolae_stop_n_shop_1, nicolae_lakefront_shop, minmay_liquid_box
D:5:      layout_basic, mainiacjoe_overflow_alcove_4, general_overflow_altar,
          temple_statues, serial_glass, glass_columns_a, glass_columns_c,
          glass_columns_a, glass_columns_b, glass_columns_a, glass_columns_a,
          glass_columns_a, glass_columns_a, minmay_misc_feat_four_crosses,
          corexii_leaking_fountain
D:6:      layout_layer_cave
D:7:      kennysheep_six_static_rooms, layout_basic,
          chequers_serial_rivers_small_a, uniq_maggie
D:8:      layout_rooms, dpeg_lair_monsters, uniq_joseph
Temple:   hellmonk_temple_two_chambers

Skill      XL: |  1  2  3  4  5  6  7  8  9 |
---------------+----------------------------+-----
Axes           | 2 3 5 6 7 8 |  8.2
Fighting       | 4 5 6 |  6.0
Armour         | 4 5 |  5.1
Shields        | 5 7 8 |  8.2
Invocations    | 4 |  4.2
Dodging        | 1 |  1.4
Throwing       | 1 |  1.0

Action                   |  1- 3 |  4- 6 |  7- 9 || total
-------------------------+-------+-------+-------++-------
Melee: War axe           |    80 |       |       ||    80
       Broad axe         |    14 |   118 |   219 ||   351
Throw: Boomerang         |    17 |    40 |    23 ||    80
Invok: Heroism           |       |       |     8 ||     8
  Use: Scroll            |    11 |     6 |     4 ||    21
       Potion            |     1 |     2 |     1 ||     4
Armor: Scale mail        |     5 |       |       ||     5
       Plate armour      |    56 |    83 |   175 ||   314
Dodge: Dodged            |    23 |    19 |    46 ||    88
Block: Buckler           |    18 |    16 |     5 ||    39
       Kite shield       |       |       |   115 ||   115

Table legend:
 A = Non-vault XP
 B = Vault XP
 C = Vault XP percentage of total XP
 D = Non-vault monster count
 E = Vault monster count
 F = Vault count percentage of total count
                 A         B        C        D         E       F
            +---------+---------+-------+---------+---------+-------
      Total |    3424 |     992 |  22.5 |     136 |      20 |  12.8
            +---------+---------+-------+---------+---------+-------
        D:1 |      27 |       2 |   6.9 |      17 |       1 |   5.6
        D:2 |      47 |       2 |   4.1 |      19 |       1 |   5.0
        D:3 |     169 |     305 |  64.3 |      23 |      10 |  30.3
        D:4 |      60 |       0 |   0.0 |      10 |       0 |   0.0
        D:5 |     300 |       2 |   0.7 |      12 |       1 |   7.7
        D:6 |     847 |       0 |   0.0 |      19 |       0 |   0.0
        D:7 |    1527 |     681 |  30.8 |      27 |       7 |  20.6
        D:8 |     447 |       0 |   0.0 |       9 |       0 |   0.0
            +---------+---------+-------+---------+---------+-------
